 Dungeon Crawl Stone Soup version 0.23-a0-891-g41af670 (webtiles) character file.

Game seed: 11375

4746 Blackhawk the Thaumaturge (level 10, -1/50 HPs)
             Began as a Deep Elf Earth Elementalist on Jan 28, 2019.
             Was a Priest of Vehumet.
             Slain by an unseen horror (10 damage)
             ... on level 10 of the Dungeon on Jan 29, 2019.
             The game lasted 00:37:40 (10378 turns).

Blackhawk the Thaumaturge (DEEE)                   Turns: 10378, Time: 00:37:40

Health: -1/50      AC:  5    Str:  5    XL:     10   Next: 23%
Magic:  27/27      EV: 14    Int: 24    God:    Vehumet [***...]
Gold:   543        SH:  0    Dex: 15    Spells: 25/31 levels left

rFire    + . .     SeeInvis .   s - +3 whip (pain)
rCold    + . .     Gourm    .   (no shield)
rNeg     . . .     Faith    .   t - +2 leather armour {MR+}
rPois    .         Spirit   .   (no helmet)
rElec    .         Reflect  .   A - scarf {rC+ rF+}
rCorr    .         Harm     .   (no gloves)
MR       ++...                  (no boots)
Stlth    ++........             m - amulet of regeneration
HPRegen  0.56/turn              (no ring)
MPRegen  0.20/turn              (no ring)

@: hasted, drained, very quick
A: no striking features
a: Renounce Religion


You were on level 10 of the Dungeon.
You worshipped Vehumet.
Vehumet was most pleased with you.
You were hungry.

You visited 2 branches of the dungeon, and saw 11 of its levels.

You collected 543 gold pieces.

Inventory:

Hand Weapons
 a - a +0 whip
 s - a +3 whip of pain (weapon)
Missiles
 b - 149 stones (quivered)
Armour
 c - a +0 robe
 t - a +2 leather armour of magic resistance (worn)
 A - a scarf of resistance (worn)
Jewellery
 m - an amulet of regeneration (around neck)
Wands
 n - a wand of disintegration (15)
 u - a wand of acid (12)
 y - a wand of flame (11)
 B - a wand of iceblast (5)
Scrolls
 f - 5 scrolls of remove curse
 h - 3 scrolls of identify
 i - a scroll of teleportation
 l - a scroll of vulnerability {unknown}
 p - a scroll of immolation
 v - a scroll of magic mapping
 z - 2 scrolls of enchant armour
Potions
 e - 2 potions of mutation
 g - 2 potions of resistance
 j - a potion of berserk rage {unknown}
 k - a potion of magic {unknown}
 o - a potion of flight {unknown}
 q - 2 potions of agility
 r - a potion of degeneration {unknown}
 w - 2 potions of curing
Comestibles
 d - 14 rations


   Skills:
 - Level 0.2(0.0) Fighting
 + Level 4.6(4.3) Maces & Flails
 - Level 0.3(0.0) Armour
 + Level 6.0(5.7) Dodging
 - Level 3.2(2.9) Stealth
 + Level 11.3(10.9) Spellcasting
 - Level 4.4(4.1) Conjurations
 + Level 1.6(1.4) Summonings
 * Level 5.7(5.4) Necromancy
   Level 1.1(0.8) Transmutations
 - Level 8.0(7.6) Earth Magic


You had 25 spell levels left.
You knew the following spells:

 Your Spells              Type           Power        Failure   Level  Hunger
a - Sandblast             Erth           ######       1%          1    None
b - Stone Arrow           Conj/Erth      #####.       1%          3    None
c - Animate Skeleton      Necr           N/A          1%          1    None
d - Summon Small Mammal   Summ           ###.         4%          1    None

Your spell library contained the following spells:

 Spells                   Type           Power        Failure   Level  Hunger
 Dazzling Spray           Conj/Hex       ###...       3%          3    None
 Passwall                 Tmut/Erth      ####....     1%          2    None
 Lee's Rapid Deconstruct  Erth           ######....   2%          5    ####...
 Regeneration             Chrm/Necr      ####......   8%          3    None
 Apportation              Tloc           ##....       9%          1    None
 Confusing Touch          Hex            ##....       9%          1    None
 Infusion                 Chrm           ##..         9%          1    None
 Shroud of Golubria       Chrm/Tloc      ##........   12%         2    None
 Song of Slaying          Chrm           ##......     12%         2    None
 Petrify                  Tmut/Erth      ####....     14%         4    None
 Spectral Weapon          Hex/Chrm       ##......     24%         3    None


Dungeon Overview and Level Annotations

Branches:
Dungeon (10/15)            Temple (1/1) D:4             Orc (0/2) D:9
   Lair: D:8-11

Altars:
Ashenzari
Dithmenos
Fedhas
Gozag
Hepliaklqana
Nemelex Xobeh
Okawaru
Ru
Sif Muna
Trog
Vehumet
Wu Jian
Xom
Yredelemnul
Zin
The Shining One

Shops:
D:8 (

Annotations:
D:4 2 exclusions, Sigmund
D:7 2 transporters


Message History

You whack the orc wizard!
The orc wizard writhes in agony.
The orc wizard is severely wounded.
Something hits you! Something hits you.
The orc wizard hits you with a +1 dagger of draining.
You feel drained. The orc misses you. Something hits you but does no damage.
The orc wizard casts a spell.
The orc wizard flickers and vanishes!
The orc priest hits you with a +0 dagger.
Something hits you!
* * * LOW HITPOINT WARNING * * *
The orc priest casts a cantrip, but nothing happens.
You barely miss something. Something hits you but does no damage.
Something barely misses you.
It was a potion of haste.
You feel yourself speed up. Something hits you.
* * * LOW HITPOINT WARNING * * *
The orc hits you with a +0 club.
* * * LOW HITPOINT WARNING * * *
Something hits you!
You die...

....................#.......#
..#......................##..
..........#.......#..##....#.
.........#.......#.. #.... .
.................#. ... . .
........................ .
...................#
..................#
>..........@.....## .
.....###....J.....#.. ...##
##..o##....... ...
##..o........ .. #.#o....###
#.##..### ........#
#.####.<.... #. ..##...


You could see a jelly, an orc priest and 2 orcs.

Vanquished Creatures
  2 two-headed ogres
  A hippogriff (D:9)
  A water moccasin (D:8)
  A sky beast (D:6)
  2 ice beasts
  A black bear (D:6)
  4 orc warriors
  A phantom (D:3)
  3 ogres
  3 centaurs
  A big kobold (D:9)
  2 bullfrogs
  A water moccasin zombie (D:6)
  8 scorpions
  A wyvern skeleton (D:9)
  3 howler monkeys (D:7)
  A bullfrog zombie (D:5)
  A crimson imp (D:9)
  2 bullfrog skeletons
  3 orc priests
  A centaur skeleton (D:5)
  7 orc wizards
  Terence (D:3)
  2 iguanas (D:9)
  6 worker ants
  6 adders
  5 shadow imps
  7 worms
  A dart slug (D:1)
  6 leopard geckos
  43 orcs
  3 giant cockroaches
  4 goblins
  5 hobgoblins
  4 jackals
  4 quokkas
  2 ball pythons
  5 bats
  3 frilled lizards
  15 kobolds
  A quokka skeleton (D:6)
  A quokka zombie (D:5)
  5 rats
179 creatures vanquished.

Vanquished Creatures (collateral kills)
  A water moccasin (D:8)
  An ice beast (D:8)
  A bullfrog (D:8)
  2 hounds (D:8)
  An orc wizard (D:8)
  An orc priest (D:8)
  2 orcs (D:8)
9 creatures vanquished.

Grand Total: 188 creatures vanquished

Notes
Turn   | Place    | Note
-------+----------+-------------------------------------------
     0 | D:1      | WeeklyChallenge the Deep Elf Earth Elementalist began the
                  | quest for the Orb.
     0 | D:1      | Reached XP level 1. HP: 10/10 MP: 6/6
   235 | D:1      | Reached XP level 2. HP: 15/15 MP: 5/8
   836 | D:2      | Reached XP level 3. HP: 19/19 MP: 7/10
  1720 | D:2      | Reached skill level 4 in Spellcasting
  2335 | D:3      | Found a shattered altar of Ashenzari.
  2432 | D:3      | Noticed a phantom
  2505 | D:3      | Killed a phantom
  2505 | D:3      | Reached XP level 4. HP: 11/24 MP: 0/12
  2505 | D:3      | Reached XP level 5. HP: 13/28 MP: 0/14
  2773 | D:3      | Learned a level 3 spell: Stone Arrow
  2884 | D:3      | Noticed Terence
  2911 | D:3      | Killed Terence
  2911 | D:3      | Reached skill level 5 in Spellcasting
  2911 | D:3      | Reached skill level 5 in Earth Magic
  3033 | D:3      | Found a glowing golden altar of the Shining One.
  3269 | D:3      | Found a faded altar of an unknown god.
  3318 | D:4      | Noticed an ogre
  3447 | D:4      | Reached XP level 6. HP: 32/32 MP: 5/15
  3774 | D:4      | Reached skill level 6 in Spellcasting
  3901 | D:4      | Reached XP level 7. HP: 36/36 MP: 11/18
  4146 | D:4      | Found a staircase to the Ecumenical Temple.
  4241 | D:4      | Noticed Sigmund
  4758 | D:5      | Entered Level 5 of the Dungeon
  4865 | Temple   | Entered the Ecumenical Temple
  4980 | Temple   | Became a worshipper of Vehumet
  5102 | D:5      | Found a basalt altar of Yredelemnul.
  5787 | D:5      | Reached skill level 1 in Maces & Flails
  6373 | D:6      | Found a blossoming altar of Fedhas.
  6543 | D:6      | Reached skill level 7 in Spellcasting
  6543 | D:6      | Reached XP level 8. HP: 27/41 MP: 20/20
  6651 | D:6      | Reached * piety under Vehumet
  6651 | D:6      | Offered knowledge of Magic Dart by Vehumet.
  6651 | D:6      | HP: 1/41 [leopard gecko (5)]
  7041 | D:6      | Found a sacrificial altar of Ru.
  7041 | D:6      | Found a glowing silver altar of Zin.
  7043 | D:6      | Found a deep blue altar of Sif Muna.
  7047 | D:6      | Found an ornate altar of the Wu Jian Council.
  7047 | D:6      | Found an opulent altar of Gozag.
  7051 | D:6      | Found a blossoming altar of Fedhas.
  7234 | D:7      | Found a transporter.
  7256 | D:7      | Reached skill level 8 in Spellcasting
  7521 | D:7      | Learned a level 1 spell: Animate Skeleton
  7523 | D:7      | Learned a level 1 spell: Summon Small Mammal
  7579 | D:7      | Found a transporter.
  7632 | D:7      | Reached skill level 1 in Necromancy
  7922 | D:8      | Reached XP level 9. HP: 45/45 MP: 23/23
  7923 | D:8      | Found Roarekh's Antique Weapon Emporium.
  7941 | D:8      | Offered knowledge of Freeze by Vehumet.
  8009 | D:8      | Reached skill level 9 in Spellcasting
  8036 | D:8      | Reached ** piety under Vehumet
  8395 | D:8      | Noticed a two-headed ogre
  8728 | D:9      | Reached skill level 5 in Dodging
  8728 | D:9      | Reached skill level 10 in Spellcasting
  9136 | D:9      | Found a staircase to the Orcish Mines.
  9150 | D:9      | Reached skill level 1 in Summonings
  9361 | D:9      | Offered knowledge of Dazzling Spray by Vehumet.
  9599 | D:9      | Reached *** piety under Vehumet
  9820 | D:8      | Killed a two-headed ogre
  9820 | D:8      | Reached skill level 11 in Spellcasting
  9820 | D:8      | Reached skill level 5 in Necromancy
  9820 | D:8      | Reached XP level 10. HP: 23/50 MP: 13/27
  9968 | D:9      | Noticed a two-headed ogre
  9981 | D:9      | Killed a two-headed ogre
 10107 | D:9      | Found a hazy altar of Hepliaklqana.
 10207 | D:10     | Entered Level 10 of the Dungeon
 10378 | D:10     | Slain by an unseen horror

Vault maps used:
D:1:      erik_arrival_blinker_ship, wad_woods_river_04
D:3:      nicolae_overflow_hidden_temple, chequers_ecumenical_altar_twisty,
          nrook_mini_vaults, uniq_terence
D:4:      minmay_temple_entry_hall, first_ration, uniq_sigmund
D:5:      basic_altar
D:6:      minitemple, fedhas_altar_1
D:7:      gammafunk_cloud_chamber
D:8:      serial_shops, nicolae_shop_trees
D:9:      lemuel_coloured_pillars_altar, hiddenorc2_lemuel
D:10:     serial_shops, kennysheep_little_box
D:11:     david_lair_shrubbed, the_bakery
D:12:     special_room, enter_bailey_3, chequers_decorated_corner
D:13:     gauntlet_entry_generic, uniq_snorg, uniq_josephine, uniq_erolcha
D:14:     minmay_general_purpose_star, lightli_vaults_fourway_checkpoint,
          corexii_corridor_pit, uniq_rupert
D:15:     hangedman_depths_entry_try_elsewhere_first, minmay_fire_ice_demons
Temple:   dpeg_chambers_temple
Lair:1:   infiniplex_staircase_pool, grunt_megastairs_3
Lair:2:   nicolae_volcano_entry_s_turn, wad_woods_antlair,
          infiniplex_staircase_pool_2
Lair:3:   grunt_megastairs_5, minmay_lair_oklob_chamber
Lair:4:   elwin_shoals_entry_rocks, nicolae_spider_entry_orb_guardian,
          minivault_26
Lair:5:   lemuel_fruit_tree
Lair:6:   evilmike_catoblepas_cave, dpeg_slime_entry_enclosed_altar
Shoals:3: nicolae_shoals_square_sea_wall, uniq_louise
Shoals:4: shoals_end_simple, shoals_ilsuiw_ice, uniq_kirke
Spider:1: drop_trap, nicolae_spider_circle_web
Spider:3: ebering_ghost_rock_garden
Spider:4: spider_rune_water, uniq_arachne
Slime:3:  cheibrodos_slime_lost_civilization_5
Slime:4:  cheibrodos_slime_lost_civilization_10
Orc:2:    st_orc_rangers
Elf:1:    evilmike_minifort, small_chamber_with_monster, nrook_loot_triangle,
          uniq_roxanne
Elf:2:    lemuel_elevator
Elf:3:    elf_hall_gauntlet_wide, serial_shops, nicolae_shop_waterfront,
          nicolae_elf_big_sculpture_1
Vaults:1: nicolae_vaults_disjoint_gnomons, v_misc_26, v_misc_24, v_misc_23,
          nicolae_vaults_angled_halls, nicolae_vaults_angled_halls, v_misc_23,
          dpeg_vaults_monster_box
Vaults:2: v_misc_8, vaults_dpeg_spiral, st_smaller_cells, v_alt_pattern_2,
          vaults_dpeg_cross, v_pattern_4, v_alt_pattern_3,
          ontoclasm_vaults_spin, vaults_dpeg_encased_lava, serial_shops, shop,
          uniq_frederick
Vaults:3: v_misc_18, ontoclasm_vaults_eye, v_misc_12, vaults_mumra_minichess,
          hangedman_vaults_restitches, minmay_crypt_entry_simple_walls,
          v_rooms_4, vaults_mumra_chevron_long, vaults_room_stairs_pillars,
          vaults_room_semicircle, nicolae_vaults_circle_grid_b,
          nicolae_vaults_little_squares_6, uniq_sojobo, uniq_mara, uniq_nikola
Vaults:4: v_misc_18, v_misc_9, vaults_room_pool, nicolae_vaults_triangles,
          vaults_room_semicircle, nicolae_vaults_rhombus_6, serial_ice_g,
          v_misc_30, nicolae_vaults_little_squares_6, vaults_dpeg_diagonal,
          v_misc_13, nicolae_vaults_border_crossing, v_alt_pattern_6,
          nicolae_vaults_theta, vaults_room_door_ring, vaults_dpeg_hooks
Vaults:5: serial_shops
Crypt:1:  basic_altar, serial_sigils_hangedman_shear, uniq_mennas,
          uniq_saint_roka
Crypt:2:  cheibrodos_crypt_eye_of_stone, fountainhead
Crypt:3:  church_of_pain_bobbens, nicolae_crypt_ancient_font
Depths:1: hell_entry, serial_sigils_hangedman_scar, kennysheep_nondescript,
          nrook_mini_backslash, hangedman_decor_clover_reticule,
          minmay_shattered_shrine
Depths:2: evilmike_marble_ring, hell_entry, serial_glass, glass_columns_c,
          glass_columns_c, glass_columns_b, glass_columns_c, glass_columns_b,
          glass_columns_a, hangedman_decor_opposing,
          kennysheep_underground_church
Depths:3: hangedman_pleasuredromes, pan_entry, hell_entry
Depths:4: hangedman_screamer, serial_rivers, chequers_serial_rivers_small_a,
          chequers_serial_rivers_small_3, chequers_serial_rivers_small_a,
          chequers_serial_rivers_large_a, marbit_kobold_abyss_entry,
          lightli_too_deep, minmay_hedge_maze, evilmike_spriggan_trog_shrine
Depths:5: lemuel_castle_with_subvaults, pf_dread_powers_of_hell,
          minmay_misc_feat_alley
Dis:7:    dis_st
Geh:5:    nicolae_geh_lava_in_the_way, lemuel_elevator
Geh:6:    nicolae_geh_sunburst
Geh:7:    evilmike_geh
Coc:2:    serial_ice, serial_ice_h, serial_ice_o, serial_ice_g, serial_ice_e,
          serial_ice_n
Coc:6:    serial_ice, serial_ice_g, serial_ice_d, serial_ice_b, serial_ice_h
Coc:7:    coc_hangedman
Tar:1:    lemuel_nasty_fountain
Tar:5:    lemuel_elevator, grunt_megastairs_2
Tar:6:    nicolae_tar_cuneiform_heaven
Tar:7:    tar_minmay_river
Zot:1:    ebering_ghost_disaster_area
Zot:3:    st_small_dragon_hoard_1, st_large_dragon_hoard_1
Zot:4:    nicolae_moth_party, hangedman_zot_decor_scrapings, nzn_random_ring,
          lemuel_elevator, grunt_megastairs_1

Skill      XL: |  1  2  3  4  5  6  7  8  9 10 |
---------------+-------------------------------+-----
Earth Magic    | 4 5 6 8 |  8.0
Spellcasting   | 4 5 6 7 8 11 | 11.3
Dodging        | 3 4 5 6 |  6.0
Stealth        | 3 |  3.2
Conjurations   | 2 3 4 |  4.4
Maces & Flails | 2 3 4 |  4.6
Necromancy     | 1 5 |  5.7
Summonings     | 1 |  1.6
Fighting       | |  0.2
Armour         | |  0.3
Transmutations | |  1.1

Action                   |  1- 3 |  4- 6 |  7- 9 | 10-12 || total
-------------------------+-------+-------+-------+-------++-------
Melee: Whip              |    38 |       |   267 |    46 ||   351
 Cast: Sandblast         |    54 |    22 |    30 |       ||   106
       Stone Arrow       |       |    27 |   101 |     5 ||   133
       Summon Small Mamm |       |       |     9 |     2 ||    11
       Animate Skeleton  |       |       |     1 |       ||     1
  Use: Scroll            |       |       |    15 |       ||    15
       Potion            |       |       |     1 |     1 ||     2
 Stab: Sleeping          |     2 |       |     6 |       ||     8
  Eat: Chunk             |     5 |     5 |    19 |     1 ||    30
Armor: Robe              |    17 |       |    11 |       ||    28
       Leather armour    |       |       |    27 |    11 ||    38
Dodge: Dodged            |    60 |     8 |   199 |    47 ||   314

Table legend:
 A = Non-vault XP
 B = Vault XP
 C = Vault XP percentage of total XP
 D = Non-vault monster count
 E = Vault monster count
 F = Vault count percentage of total count
                 A         B        C        D         E       F
            +---------+---------+-------+---------+---------+-------
      Total |    6071 |     710 |  10.5 |     155 |      33 |  17.6
            +---------+---------+-------+---------+---------+-------
        D:1 |      22 |       0 |   0.0 |      14 |       0 |   0.0
        D:2 |      70 |       0 |   0.0 |      19 |       0 |   0.0
        D:3 |     194 |      38 |  16.4 |      15 |       1 |   6.2
        D:4 |     551 |       0 |   0.0 |      20 |       0 |   0.0
        D:5 |     361 |       0 |   0.0 |      18 |       0 |   0.0
        D:6 |     681 |       0 |   0.0 |      16 |       0 |   0.0
        D:7 |     804 |       0 |   0.0 |      13 |       0 |   0.0
        D:8 |    1898 |       0 |   0.0 |      24 |       0 |   0.0
        D:9 |    1475 |     672 |  31.3 |      13 |      32 |  71.1
       D:10 |      15 |       0 |   0.0 |       3 |       0 |   0.0
            +---------+---------+-------+---------+---------+-------
